Map: Frozen Temple

Players

Gracz

  • Race: Terran Terran
  • League: Silver

Krisiun - Winner!

  • Race: Protoss Protoss
  • League: Silver

VOD

Have the link to the VOD?

Description

Time

  • Played on: Oct. 16, 2016, 12:36 p.m.
  • Length: 9:40
Show
View Real Time Build Order
Export as new Build Order

Gracz Terran 

Build Orders: Mech 

Get SALT Encoding   

  12  0:01  SCV  
  13  0:17  Supply Depot  
  13  0:18  SCV  
  14  0:32  SCV  
  15  0:35  Refinery  
  15  0:45  SCV  
  17  0:57  SCV  
  17  1:09  SCV  
  18  1:21  SCV  
  19  1:32  Barracks  
  19  1:40  Command Center  
  19  1:41  SCV  
  19  1:45  Refinery  
  20  1:53  SCV  
  20  2:20  SCV  
  21  2:32  Barracks Tech Lab, SCV  
  22  2:37  Supply Depot  
  22  2:41  Factory  
  22  2:44  SCV  
  23  2:56  Orbital Command  
  23  3:07  Engineering Bay  
  23  3:09  Supply Depot  
  23  3:10  SCV  
  24  3:25  Factory Tech Lab  
  24  3:26  Starport  
  24  3:28  SCV  
  24  3:29  SCV  
  26  3:44  Supply Depot  
  26  3:47  Terran Infantry Weapons Level 1  
  26  3:52  Siege Tank  
  29  4:00  SCV  
  30  4:03  Orbital Command  
  30  4:09  Bunker  
  30  4:15  Supply Depot  
  30  4:20  Medivac  
  32  4:24  Siege Tank  
  32  5:29  Liberator  
  32  5:42  Siege Tank  
  35  5:46  Factory  
  35  6:14  Siege Tank  
  38  6:21  Marauder  
  38  6:22  Command Center  
  38  6:24  Factory  
  40  6:28  Starport  
  40  6:43  Marauder  
  35  7:14  Orbital Command  
  21  7:33  Factory Tech Lab, Siege Tank  
  24  7:40  Command Center  
  17  8:05  Siege Tank  
  17  9:03  Orbital Command  
Show
View Real Time Build Order
Export as new Build Order

Krisiun Protoss - Winner!

Build Orders: Dark Templar Rush 

Get SALT Encoding   

  12  0:24  Pylon  
  12  0:28  Probe (Chrono Boost)  
  13  0:38  Probe (Chrono Boost)  
  14  0:47  Gateway  
  14  0:49  Probe (Chrono Boost)  
  15  0:59  Probe (Chrono Boost)  
  16  1:10  Assimilator, Probe (Chrono Boost)  
  17  1:15  Assimilator  
  17  1:20  Probe (Chrono Boost)  
  18  1:25  Pylon  
  18  1:31  Probe (Chrono Boost)  
  19  1:41  Probe (Chrono Boost)  
  20  1:51  Cybernetics Core  
  20  1:52  Probe (Chrono Boost)  
  21  2:03  Probe (Chrono Boost)  
  22  2:13  Probe (Chrono Boost)  
  23  2:24  Probe (Chrono Boost)  
  24  2:30  Twilight Council  
  24  2:34  Pylon, Probe (Chrono Boost)  
  25  2:39  Gateway  
  25  2:40  Gateway  
  25  2:45  Probe (Chrono Boost)  
  26  2:54  Gateway  
  26  2:55  Probe (Chrono Boost)  
  27  3:03  Warp Gate  
  27  3:06  Probe (Chrono Boost)  
  28  3:13  Dark Shrine  
  28  3:17  Probe (Chrono Boost)  
  29  3:29  Probe (Chrono Boost)  
  32  3:43  Mothership Core (Chrono Boost)  
  33  4:03  Probe (Chrono Boost)  
  33  4:26  Forge  
  33  4:32  Pylon x2  
  35  5:14  Dark Templar  
  35  5:16  Dark Templar  
  39  5:32  Pylon  
  39  5:33  Pylon  
  39  5:38  Dark Templar  
  39  5:44  Pylon  
  39  5:55  Photon Cannon  
  39  6:06  Dark Templar x2  
  43  6:31  Pylon  
  43  6:33  Pylon  
  43  6:34  Dark Templar  
  23  7:32  Stalker x2  
  23  7:33  Stalker  
  23  7:54  Probe (Chrono Boost)  
  24  8:03  Stargate  
  25  8:06  Probe (Chrono Boost)  
  25  8:08  Robotics Facility  
  25  8:16  Pylon  
  25  8:17  Pylon  
  25  8:18  Probe (Chrono Boost)  
  26  8:20  Nexus  
  26  8:31  Probe (Chrono Boost)  
  27  8:40  Stalker x2  
  32  8:43  Probe (Chrono Boost)  
  32  8:58  Dark Templar  
  30  9:11  Dark Templar x2  
Tags
 
Add a new tag
Caveats
  • Supply blocks, unpowered buildings, or Contaminate may cause inaccurate times.
  • Supply counts are checked every 10 seconds.